 Dungeon Crawl Stone Soup version 0.21.1-1-g345015f (webtiles) character file.

121 iamserjio the Sneak (level 5, -1/37 HPs)
             Began as an Octopode Monk on Apr 6, 2018.
             Killed from afar by an orc wizard (4 damage)
             ... with a magic dart
             ... on level 5 of the Dungeon.
             The game lasted 00:06:43 (2502 turns).

iamserjio the Sneak (Octopode Monk)                 Turns: 2502, Time: 00:06:43

Health: -1/37      AC:  1    Str: 10    XL:     5   Next: 5%
Magic:  5/5        EV: 15    Int: 12    God:
Gold:   190        SH:  0    Dex: 16    Spells: 4/4 levels left

rFire    . . .     SeeInvis .   a - +0 short sword
rCold    . . .     Gourm    .   (no shield)
rNeg     . . .     Faith    .   (helmet restricted)
rPois    .         Spirit   .   (no amulet)
rElec    .         Reflect  .   (no ring)
rCorr    .         Harm     .   (no ring)
MR       .....                  (no ring)
Stlth    ++++......             (no ring)
HPRegen  0.12/turn              (no ring)
MPRegen  0.09/turn              (no ring)
                                (no ring)
                                (no ring)

@: no status effects
A: almost no armour, stealthy swim, amphibious, 8 rings, constrict 8, camouflage
1, gelatinous body 1
a: no special abilities


You were on level 5 of the Dungeon.
You were not hungry.

You visited 1 branch of the dungeon, and saw 5 of its levels.

You collected 190 gold pieces.

Inventory:

Hand Weapons
 a - a +0 short sword (weapon)
 d - the +5 hand axe of Boig {freeze, rN+, unknown}
   (You found it on level 4 of the Dungeon)

   It has been specially enchanted to freeze those struck by it, causing extra
   injury to most foes and up to half again as much damage against particularly
   susceptible opponents.
   It can also slow down cold-blooded creatures.
   It protects you from negative energy.
 k - a +1 dagger of speed
 l - a +0 long sword
Jewellery
 j - a +5 ring of slaying {unknown}
Scrolls
 e - a scroll of enchant weapon {unknown}
 f - a scroll of noise {unknown}
 h - a scroll of fear {unknown}
 m - a scroll of amnesia {unknown}
Potions
 c - a potion of mutation {unknown}
 g - 2 potions of haste
 n - a potion of cancellation
Comestibles
 b - a ration


   Skills:
 + Level 4.0 Fighting
 - Level 3.0 Short Blades
 + Level 4.0 Dodging
 + Level 4.6 Stealth


You had 4 spell levels left.
You didn't know any spells.

Dungeon Overview and Level Annotations

Branches:
Dungeon (5/15)
 Temple: D:4-7

Altars:
Cheibriados
Qazlal
Wu Jian
Zin


Innate Abilities, Weirdness & Mutations

You cannot wear most types of armour.
You are very stealthy in the water. (Stealth+)
You are amphibious.
You can wear up to eight rings at the same time.
You can use your tentacles to constrict eight enemies at once.
Your skin changes colour to match your surroundings (Stealth+).
Your rubbery body absorbs attacks. (AC +1, EV +1)


Message History

You closely miss something. Something hits you but does no damage.
You hit something. Something hits you but does no damage.
You barely miss something. Something hits you.
* * * LOW HITPOINT WARNING * * *
You completely miss something. Your squeeze misses something.
Something barely misses you.
You hit something but do no damage. Your squeeze misses something.
Something hits you.
* * * LOW HITPOINT WARNING * * *
You miss something. You squeeze something. Something completely misses you.
You hit something.
You hear some strange, mumbled words.
A magic dart appears from out of thin air!
The magic dart hits you!
* * * LOW HITPOINT WARNING * * *
Things that are here:
a dagger; a robe; an orc corpse A magic dart appears from out of thin air!
The magic dart hits you!
You die...

#.# #.# #.#
# #########
#.# #.
#........
#.# #.##.#
#)# #....#
##.#####..#
##.#)####..#
#.###.@..<.#
##.#.####.##
##.## #.#
### #.# #..
###


There were no monsters in sight!

Vanquished Creatures
  An orc wizard (D:5)
  A gnoll (D:3)
  An adder (D:2)
  A worm (D:3)
  4 dart slugs
  4 leopard geckos (D:1)
  3 orcs
  A giant cockroach (D:1)
  3 goblins (D:1)
  5 hobgoblins
  8 jackals
  8 bats
  7 frilled lizards
  4 kobolds
  A leopard gecko skeleton (D:5)
  4 rats
56 creatures vanquished.

Notes
Turn   | Place    | Note
-------+----------+-------------------------------------------
     0 | D:1      | iamserjio the Octopode Monk began the quest for the Orb.
     0 | D:1      | Reached XP level 1. HP: 16/16 MP: 1/1
   293 | D:1      | Reached XP level 2. HP: 21/21 MP: 2/2
   729 | D:1      | Reached XP level 3. HP: 23/26 MP: 3/3
  1367 | D:2      | Reached XP level 4. HP: 33/33 MP: 4/4
  1781 | D:2      | Found a snail-covered altar of Cheibriados.
  1782 | D:2      | Found an ornate altar of the Wu Jian Council.
  1782 | D:2      | Found a stormy altar of Qazlal.
  1783 | D:2      | Found a glowing silver altar of Zin.
  2261 | D:5      | Entered Level 5 of the Dungeon
  2296 | D:4      | Got a slimy hand axe
  2474 | D:5      | Reached XP level 5. HP: 28/37 MP: 5/5
  2502 | D:5      | Killed from afar by an orc wizard

Skill      XL: |  1  2  3  4  5 |
---------------+----------------+-----
Stealth        | 3 4 |  4.6
Fighting       | 4 |  4.0
Dodging        | 4 |  4.0
Short Blades   | |  3.0

Action                   |  1- 3 |  4- 6 || total
-------------------------+-------+-------++-------
Melee: Short sword       |    79 |    41 ||   120
       Tentacles         |    13 |     6 ||    19
       Constrict         |    18 |     8 ||    26
  Use: Potion            |       |     4 ||     4
 Stab: Sleeping          |     7 |     5 ||    12
       Distracted        |     1 |       ||     1
  Eat: Chunk             |     1 |     2 ||     3
       Ration            |       |     1 ||     1
Armor: Skin              |     7 |     2 ||     9
Dodge: Dodged            |    62 |    25 ||    87
